 Dungeon Crawl Stone Soup version 0.20.1-1-g8b1a95d (webtiles) character file.

410 kae the Insei (level 6, -2/48 HPs)
             Began as a Demonspawn Gladiator on Sept 16, 2017.
             Slain by an orc priest (3 damage)
             ... on level 4 of the Dungeon.
             The game lasted 00:05:50 (4720 turns).

kae the Insei (Demonspawn Gladiator)                Turns: 4720, Time: 00:05:50

Health: -2/48      AC:  8    Str: 14    XL:     6   Next: 58%
Magic:  6/6        EV: 15    Int: 10    God:
Gold:   153        SH:  0    Dex: 16    Spells: 5/5 levels left

rFire    . . .     SeeInvis .     - Unarmed
rCold    . . .     Gourm    .   (no shield)
rNeg     . . .     Faith    .   p - +2 leather armour {rPois}
rPois    +         Spirit   .   (helmet restricted)
rElec    .         Reflect  .   c - +0 cloak
rCorr    +         Harm     .   (no gloves)
MR       .....                  (no boots)
Stlth    +.........             (no amulet)
Regen    0.2/turn               o - ring of resist corrosion
MPRegen  0.1/turn               A - +2 ring of evasion

@: no status effects
A: horns 1, molten scales 1, powered by pain 2
a: no special abilities


You were on level 4 of the Dungeon.
You were not hungry.

You visited 1 branch of the dungeon, and saw 4 of its levels.
You also visited: Sewer.

You collected 153 gold pieces.

Inventory:

Missiles
 s - 2 throwing nets (quivered)
Armour
 c - a +0 cloak (worn)
 p - a +2 leather armour of poison resistance (worn)
Jewellery
 o - a ring of resist corrosion (left hand)
 u - an uncursed ring of ice
 A - a +2 ring of evasion (right hand)
Wands
 q - a wand of digging (11/24)
Scrolls
 f - a scroll of remove curse
 h - 2 scrolls of teleportation
 j - a scroll of fog
 k - a scroll of fear
 m - 2 scrolls of recharging
 w - a scroll of blinking
Potions
 a - 2 potions of curing
 b - a potion of brilliance {unknown}
 e - a potion of experience {unknown}
 g - 2 potions of agility
 n - 2 potions of invisibility {unknown}
 v - a potion of cancellation {unknown}
 x - a potion of magic {unknown}
 z - a potion of berserk rage {unknown}
Comestibles
 d - 3 bread rations
 i - 2 meat rations
 l - a fruit
 t - 2 chunks of flesh


   Skills:
 + Level 4.3 Fighting
 - Level 1.7 Throwing
 - Level 2.6 Dodging
 * Level 5.8 Unarmed Combat


You had 5 spell levels left.
You didn't know any spells.

Dungeon Overview and Level Annotations

Branches:
Dungeon (4/15)
 Temple: D:4-7

Altars:
Kikubaaqudgha
Nemelex Xobeh
Qazlal
Vehumet
Zin


Innate Abilities, Weirdness & Mutations

You have a pair of small horns on your head.
You are partially covered in molten scales. (AC +2)
You sometimes gain power by taking damage.


Message History

The orc wizard blinks!
The orc priest calls down the wrath of Beogh upon you.
Beogh smites you!
* * * LOW HITPOINT WARNING * * *
You feel better. The orc priest closely misses you.
The orc wizard hits you but does no damage.
The orc misses you.
You feel better.
The orc wizard hits you but does no damage.
The orc priest barely misses you.
You closely miss the orc priest. The orc wizard closely misses you.
The orc hits you from afar with a trident.
The orc priest calls down the wrath of Beogh upon you.
Pain shoots through your body!
* * * LOW HITPOINT WARNING * * *
The orc wizard hits you but does no damage.
The orc hits you from afar with a trident.
* * * LOW HITPOINT WARNING * * *
The orc priest hits you.
You die...

#.#######.######
###......##.######
#...#....##.......
#.....#..#........
#...###..#........
#........###......
.##.###..#####..........
...........# ###########
.##.###@.#.######
.'...ooo..........
.##...o..........#
#...............
#.####..!....... #.
.......#... .
##...#..#... . ###.#..#
.. .#..#


You could see an orc priest, an orc wizard and 2 orcs.

Vanquished Creatures
  A phantom (D:2)
  A howler monkey (D:4)
  A crimson imp (D:4)
  Crazy Yiuf (D:2)
  Robin (D:3)
  6 adders
  3 river rats
  An ooze (D:2)
  5 dart slugs
  3 worms (D:3)
  2 leopard geckos
  4 orcs (D:3)
  3 ball pythons (Sewer)
  13 bats
  4 giant cockroaches
  10 hobgoblins
  2 jackals (D:1)
  A quokka (D:4)
  15 frilled lizards
  26 goblins
  6 kobolds
  10 rats
119 creatures vanquished.

Notes
Turn   | Place    | Note
-------+----------+-------------------------------------------
     0 | D:1      | kae the Demonspawn Gladiator began the quest for the Orb.
     0 | D:1      | Reached XP level 1. HP: 16/16 MP: 1/1
   426 | D:1      | Reached skill level 3 in Unarmed Combat
   451 | D:1      | Gained mutation: You sometimes gain a little power by taking damage. [demonic ancestry]
   451 | D:1      | Reached XP level 2. HP: 21/22 MP: 2/2
  1021 | D:1      | You fall through a shaft!
  1278 | D:2      | Reached XP level 3. HP: 26/28 MP: 3/3
  1572 | D:1      | You fall through a shaft!
  1767 | D:2      | Found a runed door.
  2230 | D:2      | Found a radiant altar of Vehumet.
  2272 | D:2      | Reached skill level 4 in Unarmed Combat
  2272 | D:2      | Gained mutation: You sometimes gain power by taking damage. [demonic ancestry]
  2272 | D:2      | Reached XP level 4. HP: 31/35 MP: 4/4
  2594 | D:2      | Noticed Crazy Yiuf
  2605 | D:2      | Killed Crazy Yiuf
  2733 | D:2      | Noticed a phantom
  2782 | D:2      | Killed a phantom
  2782 | D:2      | Gained mutation: You have a pair of small horns on your head. [demonic ancestry]
  2782 | D:2      | Reached XP level 5. HP: 12/41 MP: 5/5
  3090 | D:3      | Found a glowing drain.
  3117 | D:3      | Reached skill level 5 in Unarmed Combat
  3121 | Sewer    | Entered a sewer
  3620 | D:3      | Found an ancient bone altar of Kikubaaqudgha.
  3742 | D:3      | Gained mutation: You are partially covered in molten scales. (AC +2) [demonic ancestry]
  3742 | D:3      | Reached XP level 6. HP: 46/48 MP: 6/6
  3863 | D:3      | Found a glowing silver altar of Zin.
  3938 | D:3      | Found a sparkling altar of Nemelex Xobeh.
  4052 | D:3      | Noticed Robin
  4086 | D:3      | Killed Robin
  4399 | D:3      | Found a stormy altar of Qazlal.
  4400 | D:3      | Noticed an air elemental
  4602 | D:3      | Noticed a fire elemental
  4602 | D:3      | Noticed a water elemental
  4716 | D:4      | HP: 2/48 [orc priest/divine providence (11)]
  4720 | D:4      | Slain by an orc priest

Skill      XL: |  1  2  3  4  5  6 |
---------------+-------------------+-----
Unarmed Combat | 3 4 5 |  5.8
Fighting       | 3 4 |  4.3
Throwing       | |  1.7
Dodging        | |  2.6

Action                   |  1- 3 |  4- 6 || total
-------------------------+-------+-------++-------
Melee: Unarmed           |   211 |   262 ||   473
       Punch             |     5 |     4 ||     9
       Headbutt          |       |    30 ||    30
Throw: Throwing net      |       |     3 ||     3
  Use: Scroll            |       |    11 ||    11
       Potion            |       |     2 ||     2
 Stab: Sleeping          |     1 |     2 ||     3
       Held in net/web   |       |     2 ||     2
  Eat: Chunk             |     4 |     9 ||    13
Armor: Leather armour    |    60 |    80 ||   140
Dodge: Dodged            |   136 |   173 ||   309
